WCHLSIM.com - West Coast Hockey League
html PUBLIC "-//W3C//DTD XHTML 1.0 Transitional//EN" "http://www.w3.org/TR/xhtml1/DTD/xhtml1-transitional.dtd"> WCHL - Game 293 - PHOENIX MUSTANGS vs SASKATOON DUCKS

PHOENIX MUSTANGS vs SASKATOON DUCKS

Created - 26 novembre 2021 at 22:13

Goals
1 2 3 T
PHOENIX MUSTANGS 0 0 0 0
SASKATOON DUCKS 1 0 1 2
Shots
1 2 3 T
PHOENIX MUSTANGS 6 5 8 19
SASKATOON DUCKS 7 8 9 24

1st period

1. SASKATOON DUCKS , Jake Guentzel 9 (Sidney Crosby 8, William Nylander 10) at 10:25

Penalties :
Zach Bogosian (SAS) for Close Hand On Puck (Minor) at 3:31, Zach Bogosian (SAS) for Tripping (Minor) at 15:09

2nd period

No Goal

Penalties :
Jordan Greenway (PHX) for Hooking (Minor) at 0:40, Andrej Sekera (SAS) for Slashing (Minor) at 4:24, Sidney Crosby (SAS) for Hooking (Minor) at 13:46, Jeremy Lauzon (PHX) for Tripping (Minor) at 13:46, Calvin De Haan (PHX) for Tripping (Minor) at 14:02

3rd period

2. SASKATOON DUCKS , William Nylander 5 (Anthony Duclair 15, Andrej Sekera 4) at 19:28

Penalties :
Jordan Greenway (PHX) for Hooking (Minor) at 11:22

Goalie Stats

Joonas Korpisalo (PHX), 22 saves from 24 shots - (0,917), L, 9-5-2, 60:00 minutes
Jordan Binnington (SAS), 19 saves from 19 shots - (1,000), W, 10-7-0, 60:00 minutes

Players Stats for PHOENIX MUSTANGS

Player Name              G  A  P  +/- PIM S  H  SB GA TA FO     MP     PP MP  PK MP  
------------------------------------------------------------------------------------
Andrew Copp              0  0  0  -1  0   3  0  1  0  0  7/21   23:56   2:38   3:19 
Calvin De Haan           0  0  0  -2  2   1  0  1  0  0  0/0    16:12   2:52   2:11 
Christian Dvorak         0  0  0  -1  0   2  2  0  0  0  1/1    18:20   0:00   0:21 
Clayton Keller           0  0  0  -1  0   4  1  0  0  0  0/1    19:50   2:38   2:22 
Dennis Cholowski         0  0  0   0  0   0  1  1  0  0  0/0     7:53   0:12   0:53 
Erik Karlsson            0  0  0   0  0   0  0  1  0  0  0/0    19:08   3:04   0:50 
Frederick Gaudreau       0  0  0  -1  0   0  1  0  0  0  4/8     5:47   0:00   0:00 
Jake Walman              0  0  0   0  0   0  0  0  0  0  0/0     6:40   0:00   0:32 
Jeremy Lauzon            0  0  0   0  2   0  1  0  0  0  0/0    17:36   0:00   2:03 
Jesper Fast              0  0  0   0  0   1  1  0  0  0  1/1    11:36   0:00   0:00 
Jordan Greenway          0  0  0  -1  4   2  3  0  0  0  0/1    16:23   3:19   0:00 
Kevin Hayes              0  0  0   0  0   1  3  0  0  0  8/17   23:25   2:38   1:59 
Michael Matheson         0  0  0  -2  0   0  0  1  0  0  0/0    14:19   2:53   0:32 
Nicklas Backstrom        0  0  0   0  0   0  0  0  0  0  10/15  24:09   3:19   2:10 
Scott Harrington         0  0  0   0  0   0  0  1  0  0  0/0    18:04   0:00   2:50 
T.J. Oshie               0  0  0   0  0   4  2  0  0  0  1/5    20:04   3:19   0:00 
Teuvo Teravainen         0  0  0  -1  0   1  1  0  0  0  0/1     8:08   0:00   0:00 
Ty Smith                 0  0  0   0  0   0  0  1  0  0  0/0    20:30   2:53   2:03 

Players Stats for SASKATOON DUCKS

Player Name              G  A  P  +/- PIM S  H  SB GA TA FO     MP     PP MP  PK MP  
------------------------------------------------------------------------------------
Alex Goligoski           0  0  0   1  0   0  0  0  0  0  0/0    21:45   1:53   1:12 
Alexander Edler          0  0  0   0  0   1  1  2  0  0  0/0    16:25   1:08   3:40 
Andrej Sekera            0  1  1   1  2   0  1  0  0  0  0/0    17:53   0:34   1:39 
Anthony Duclair          0  1  1   1  0   3  0  0  0  0  0/0    17:14   1:55   0:00 
Artemi Panarin           0  0  0   0  0   5  2  2  0  0  1/3    19:40   2:19   0:00 
Blake Comeau             0  0  0   0  0   1  3  0  0  0  1/2    15:58   0:00   0:00 
Derick Brassard          0  0  0   0  0   1  0  0  0  0  13/23  19:07   0:00   2:10 
Jake Guentzel            1  0  1   1  0   4  4  0  0  0  0/0    20:02   2:19   0:00 
Kailer Yamamoto          0  0  0   0  0   2  1  0  0  0  0/0    17:58   0:00   2:00 
Kevin Shattenkirk        0  0  0   0  0   0  1  2  0  0  0/0    21:16   2:20   2:52 
Mathieu Joseph           0  0  0   0  0   0  0  0  0  0  0/0     0:00   0:00   0:00 
Ryan Strome              0  0  0   0  0   2  1  0  0  0  9/15   17:02   1:55   0:00 
Samuel Girard            0  0  0   2  0   0  0  1  0  0  0/0    24:52   1:53   2:19 
Sidney Crosby            0  1  1   2  2   1  1  0  0  0  14/22  20:15   2:19   1:12 
Trevor Lewis             0  0  0   0  0   0  0  0  0  0  0/0     0:41   0:00   0:35 
Valtteri Filppula        0  0  0   0  0   0  0  0  0  0  1/5     3:58   0:00   2:35 
William Nylander         1  1  2   2  0   4  0  0  0  0  0/1    20:52   1:55   3:22 
Zach Bogosian            0  0  0   0  4   0  2  2  0  0  0/0    17:02   0:40   0:12 

3 Stars

1 - Jordan Binnington (SAS)
2 - William Nylander (SAS)
3 - Jake Guentzel (SAS)

Power Play

PHOENIX MUSTANGS - 0 on 3 Attempt(s) - 0,00%
SASKATOON DUCKS - 0 on 3 Attempt(s) - 0,00%

Penalty Kill

PHOENIX MUSTANGS - 3 on 3 Attempt(s) - 100,00% - Score 0 goal in Penalty Kill
SASKATOON DUCKS - 3 on 3 Attempt(s) - 100,00% - Score 0 goal in Penalty Kill

Team Stat

PHOENIX MUSTANGS - Hits : 16 - Faceoff Wins : 32 - Blocked Shots : 7 - Penalty Minutes : 8
SASKATOON DUCKS - Hits : 17 - Faceoff Wins : 39 - Blocked Shots : 9 - Penalty Minutes : 8

Official

Referees : Eric Furlatt and Brandon Blandina
Linesman : Brian Mach and Derek Wahl

Game Notes

Teuvo Teravainen is injured at 9:25 of 2nd period (Torso)
Alexander Edler is injured at 8:13 of 3rd period (Bruised Right Leg)

Finance

Level 1 -- Attendance: 6051 (91,68%) -- Ticket Income 847 140 $
Level 2 -- Attendance: 5600 (100,00%) -- Ticket Income 532 000 $
Level 3 -- Attendance: 2200 (100,00%) -- Ticket Income 143 000 $
Level 4 -- Attendance: 4600 (100,00%) -- Ticket Income 207 000 $
Luxury Box -- Attendance: 1000 (100,00%) -- Ticket Income 260 000 $
Total Attendance: 19451 (97,26%)
Total Ticket Income: 1 989 140 $
Other Expense: 19 891 $
Total Income: 1 969 249 $

PHOENIX MUSTANGS

5 vs 5 Forward 
   Center                   Left Wing                Right Wing               Time % Phy DF OF 
 1 Andrew Copp              Teuvo Teravainen         Christian Dvorak         36     1   2  2  
 2 Kevin Hayes              Clayton Keller           Jordan Greenway          31     1   2  2  
 3 Nicklas Backstrom        T.J. Oshie               Jesper Fast              25     1   2  2  
 4 Frederick Gaudreau       Nicklas Backstrom        T.J. Oshie               8      1   2  2  

5 vs 5 Defense 
   Defense                  Defense                                           Time % Phy DF OF 
 1 Erik Karlsson            Scott Harrington                                  36     1   2  2  
 2 Ty Smith                 Jeremy Lauzon                                     31     1   2  2  
 3 Michael Matheson         Calvin De Haan                                    23     1   2  2  
 4 Dennis Cholowski         Jake Walman                                       10     1   2  2  

PowerPlay Forward 
   Center                   Left Wing                Right Wing               Time % Phy DF OF 
 1 T.J. Oshie               Nicklas Backstrom        Jordan Greenway          60     1   2  2  
 2 Kevin Hayes              Andrew Copp              Clayton Keller           40     1   2  2  

PowerPlay Defense
   Defense                  Defense                                           Time % Phy DF OF 
 1 Erik Karlsson            Calvin De Haan                                    55     1   2  2  
 2 Michael Matheson         Ty Smith                                          45     1   2  2  

Penalty Kill 4 Players Forward 
   Center                   Wing                     Time % Phy DF OF 
 1 Andrew Copp              Clayton Keller           55     1   2  2  
 2 Nicklas Backstrom        Kevin Hayes              45     1   2  2  

Penalty Kill 4 Players Defense
   Defense                  Defense                  Time % Phy DF OF 
 1 Jeremy Lauzon            Ty Smith                 55     1   2  2  
 2 Scott Harrington         Calvin De Haan           45     1   2  2  

Penalty Kill - 3 Players Forward 
   Forward                                           Time % Phy DF OF 
 1 Kevin Hayes                                       55     1   2  2  
 2 Andrew Copp                                       45     1   2  2  

Penalty Kill - 3 Players Defense
   Defense                  Defense                  Time % Phy DF OF 
 1 Calvin De Haan           Jeremy Lauzon            55     1   2  2  
 2 Erik Karlsson            Michael Matheson         45     1   2  2  

4 vs 4 Forward 
   Center                   Wing                     Time % Phy DF OF 
 1 Nicklas Backstrom        Clayton Keller           55     1   2  2  
 2 Kevin Hayes              Andrew Copp              45     1   2  2  

4 vs 4 Defense
   Defense                  Defense                  Time % Phy DF OF 
 1 Calvin De Haan           Ty Smith                 55     1   2  2  
 2 Michael Matheson         Jeremy Lauzon            45     1   2  2  

Last Minutes Offensive
   Center                   Left Wing                Right Wing               Defense                  Defense                  
   Kevin Hayes              Andrew Copp              Teuvo Teravainen         Erik Karlsson            Scott Harrington         

Last Minutes Defensive
   Center                   Left Wing                Right Wing               Defense                  Defense                  
   Andrew Copp              Kevin Hayes              Teuvo Teravainen         Erik Karlsson            Scott Harrington         

Goaltenders
Starting : Joonas Korpisalo         
Backup : Jack Campbell            

Extra Forwards
Normal : Kevin Hayes, Clayton Keller, Andrew Copp - PP : Kevin Hayes, Andrew Copp - PK : Kevin Hayes
Extra Defensemen
Normal : Ty Smith, Jeremy Lauzon, Calvin De Haan - PP : Michael Matheson - PK : Scott Harrington, Calvin De Haan
Penalty Shots
Andrew Copp, Clayton Keller, Nicklas Backstrom, Kevin Hayes, T.J. Oshie
Custom OT Lines Forwards
Nicklas Backstrom, T.J. Oshie, Andrew Copp, Kevin Hayes, Jordan Greenway, Teuvo Teravainen, Clayton Keller, Christian Dvorak, Jesper Fast, Frederick Gaudreau
Custom OT Lines Defensemen
Michael Matheson, Calvin De Haan, Ty Smith, Scott Harrington, Jeremy Lauzon

Scratches
Daniel Carr (Healthy), Seth Griffith (Healthy)

SASKATOON DUCKS

5 vs 5 Forward 
   Center                   Left Wing                Right Wing               Time % Phy DF OF 
 1 Sidney Crosby            Jake Guentzel            William Nylander         36     0   3  2  
 2 Ryan Strome              Artemi Panarin           Anthony Duclair          36     0   3  2  
 3 Derick Brassard          Blake Comeau             Kailer Yamamoto          22     0   4  1  
 4 Sidney Crosby            Artemi Panarin           Jake Guentzel            6      0   4  1  

5 vs 5 Defense 
   Defense                  Defense                                           Time % Phy DF OF 
 1 Alex Goligoski           Samuel Girard                                     40     0   5  0  
 2 Andrej Sekera            Kevin Shattenkirk                                 36     0   5  0  
 3 Zach Bogosian            Alexander Edler                                   24     0   5  0  
 4 Zach Bogosian            Samuel Girard                                     0      1   2  2  

PowerPlay Forward 
   Center                   Left Wing                Right Wing               Time % Phy DF OF 
 1 Sidney Crosby            Artemi Panarin           Jake Guentzel            55     0   2  3  
 2 Ryan Strome              Anthony Duclair          William Nylander         45     0   2  3  

PowerPlay Defense
   Defense                  Defense                                           Time % Phy DF OF 
 1 Alex Goligoski           Samuel Girard                                     55     0   2  3  
 2 Alexander Edler          Kevin Shattenkirk                                 45     0   2  3  

Penalty Kill 4 Players Forward 
   Center                   Wing                     Time % Phy DF OF 
 1 Derick Brassard          William Nylander         55     0   4  1  
 2 Valtteri Filppula        Kailer Yamamoto          45     0   4  1  

Penalty Kill 4 Players Defense
   Defense                  Defense                  Time % Phy DF OF 
 1 Samuel Girard            Alexander Edler          55     0   4  1  
 2 Kevin Shattenkirk        Andrej Sekera            45     0   4  1  

Penalty Kill - 3 Players Forward 
   Forward                                           Time % Phy DF OF 
 1 Derick Brassard                                   55     0   4  1  
 2 Trevor Lewis                                      45     0   4  1  

Penalty Kill - 3 Players Defense
   Defense                  Defense                  Time % Phy DF OF 
 1 Andrej Sekera            Alexander Edler          55     0   4  1  
 2 Samuel Girard            Kevin Shattenkirk        45     0   4  1  

4 vs 4 Forward 
   Center                   Wing                     Time % Phy DF OF 
 1 Sidney Crosby            Jake Guentzel            55     1   2  2  
 2 Ryan Strome              Artemi Panarin           45     1   2  2  

4 vs 4 Defense
   Defense                  Defense                  Time % Phy DF OF 
 1 Kevin Shattenkirk        Samuel Girard            55     1   2  2  
 2 Andrej Sekera            Alex Goligoski           45     1   2  2  

Last Minutes Offensive
   Center                   Left Wing                Right Wing               Defense                  Defense                  
   Sidney Crosby            Artemi Panarin           Jake Guentzel            Alex Goligoski           Samuel Girard            

Last Minutes Defensive
   Center                   Left Wing                Right Wing               Defense                  Defense                  
   Sidney Crosby            Anthony Duclair          William Nylander         Alex Goligoski           Samuel Girard            

Goaltenders
Starting : Jordan Binnington        
Backup : Brian Elliott            

Extra Forwards
Normal : Sidney Crosby, Jake Guentzel, Artemi Panarin - PP : Sidney Crosby, Kailer Yamamoto - PK : Blake Comeau
Extra Defensemen
Normal : Samuel Girard, Alex Goligoski, Alexander Edler - PP : Andrej Sekera - PK : Andrej Sekera, Alex Goligoski
Penalty Shots
Sidney Crosby, Artemi Panarin, Jake Guentzel, Ryan Strome, William Nylander
Custom OT Lines Forwards
Sidney Crosby, Artemi Panarin, Ryan Strome, William Nylander, Anthony Duclair, Jake Guentzel, Kailer Yamamoto, Blake Comeau, Mathieu Joseph, Derick Brassard
Custom OT Lines Defensemen
Alex Goligoski, Samuel Girard, Kevin Shattenkirk, Alexander Edler, Andrej Sekera

Scratches
Ryan McDonagh (Strained Groin Injury)

% Time on Ice - PHOENIX MUSTANGS

Lines # - Real PCT - Wanted PCT - Time Play
Normal Forward
1 - 38% - 36% - 17:59
2 - 27% - 31% - 13:06
3 - 24% - 25% - 11:36
4 - 11% - 8% - 5:09
Normal Defense
1 - 32% - 36% - 15:14
2 - 33% - 31% - 15:34
3 - 23% - 23% - 10:54
4 - 13% - 10% - 6:08
PP Forward
1 - 56% - 60% - 3:19
2 - 44% - 40% - 2:38
PP Defense
1 - 52% - 55% - 3:04
2 - 48% - 45% - 2:53
PK Forward
1 - 64% - 55% - 2:43
2 - 36% - 45% - 1:31
PK Defense
1 - 48% - 55% - 2:03
2 - 52% - 45% - 2:11
PK3 Forward
1 - 65% - 55% - 1:07
2 - 35% - 45% - 0:36
PK3 Defense
1 - 69% - 55% - 1:11
2 - 31% - 45% - 0:32
44 Forward
1 - 100% - 55% - 0:16
2 - 0% - 45% - 0:00
44 Defense
1 - 100% - 55% - 0:16
2 - 0% - 45% - 0:00
Last Minute Offensive  - 0:00
Last Minute Defensive  - 0:00
Total
Forward - 60:00
Defense - 60:00

% Time on Ice - SASKATOON DUCKS

Lines # - Real PCT - Wanted PCT - Time Play
Normal Forward
1 - 32% - 36% - 15:23
2 - 32% - 36% - 15:07
3 - 34% - 22% - 15:58
4 - 2% - 6% - 1:10
Normal Defense
1 - 36% - 40% - 17:01
2 - 29% - 36% - 14:02
3 - 32% - 24% - 15:01
4 - 3% - 0% - 1:34
PP Forward
1 - 55% - 55% - 2:19
2 - 45% - 45% - 1:55
PP Defense
1 - 44% - 55% - 1:53
2 - 56% - 45% - 2:21
PK Forward
1 - 57% - 55% - 3:22
2 - 43% - 45% - 2:35
PK Defense
1 - 39% - 55% - 2:19
2 - 61% - 45% - 3:38
PK3 Forward
1 - 0% - 55%
2 - 0% - 45%
PK3 Defense
1 - 0% - 55%
2 - 0% - 45%
44 Forward
1 - 100% - 55% - 1:59
2 - 0% - 45% - 0:00
44 Defense
1 - 55% - 55% - 1:05
2 - 45% - 45% - 0:54
Last Minute Offensive  - 0:00
Last Minute Defensive  - 0:12
Total
Forward - 60:00
Defense - 60:00

Play-by-Play

1st period


0:01 of 1st period - Sidney Crosby wins face-off versus Andrew Copp in neutral zone.
0:18 of 1st period - Shot by Jake Guentzel.
0:18 of 1st period - Stopped by Joonas Korpisalo with a rebound.
1:09 of 1st period - Shot by Artemi Panarin.
1:09 of 1st period - Shot Misses the Net.
1:31 of 1st period - Shot by Artemi Panarin.
1:31 of 1st period - Deflect By Ryan Strome.
1:31 of 1st period - Shot Misses the Net.
1:33 of 1st period - Shot by Anthony Duclair.
1:33 of 1st period - Stopped by Joonas Korpisalo without a rebound.
1:34 of 1st period - Nicklas Backstrom wins face-off versus Derick Brassard in PHOENIX MUSTANGS zone.
2:16 of 1st period - Shot by T.J. Oshie.
2:16 of 1st period - Stopped by Jordan Binnington without a rebound.
2:17 of 1st period - Ryan Strome wins face-off versus Andrew Copp in SASKATOON DUCKS zone.
2:17 of 1st period - Ryan Strome is hit by Christian Dvorak.
2:24 of 1st period - Icing by Artemi Panarin.
2:25 of 1st period - Ryan Strome wins face-off versus Kevin Hayes in SASKATOON DUCKS zone.
2:25 of 1st period - Ryan Strome is hit by Kevin Hayes.
3:05 of 1st period - Shot by Artemi Panarin.
3:05 of 1st period - Shot Misses the Net.
3:07 of 1st period - Shot by Artemi Panarin.
3:07 of 1st period - Stopped by Joonas Korpisalo without a rebound.
3:08 of 1st period - Sidney Crosby wins face-off versus Frederick Gaudreau in PHOENIX MUSTANGS zone.
3:18 of 1st period - Icing by Scott Harrington.
3:19 of 1st period - Derick Brassard wins face-off versus Frederick Gaudreau in PHOENIX MUSTANGS zone.
3:31 of 1st period - Minor Penalty to Zach Bogosian for Close Hand On Puck.
3:32 of 1st period - Derick Brassard wins face-off versus T.J. Oshie in SASKATOON DUCKS zone.
3:38 of 1st period - Icing by Erik Karlsson.
3:39 of 1st period - Derick Brassard wins face-off versus T.J. Oshie in PHOENIX MUSTANGS zone.
5:17 of 1st period - Shot by Andrew Copp.
5:17 of 1st period - Stopped by Jordan Binnington without a rebound.
5:18 of 1st period - Kevin Hayes wins face-off versus Valtteri Filppula in SASKATOON DUCKS zone.
5:19 of 1st period - Shot by Ty Smith.
5:19 of 1st period - Shot Misses the Net.
5:21 of 1st period - Shot by Andrew Copp.
5:21 of 1st period - Shot Misses the Net.
5:23 of 1st period - Shot by Clayton Keller.
5:23 of 1st period - Stopped by Jordan Binnington without a rebound.
5:24 of 1st period - Kevin Hayes wins face-off versus Valtteri Filppula in SASKATOON DUCKS zone.
5:37 of 1st period - Andrew Copp is hit by Artemi Panarin and loses puck.
6:12 of 1st period - Shot by Artemi Panarin.
6:12 of 1st period - Stopped by Joonas Korpisalo without a rebound.
6:13 of 1st period - Sidney Crosby wins face-off versus Nicklas Backstrom in PHOENIX MUSTANGS zone.
6:24 of 1st period - Shot by Jake Guentzel.
6:24 of 1st period - Stopped by Joonas Korpisalo without a rebound.
6:25 of 1st period - Kevin Hayes wins face-off versus Derick Brassard in PHOENIX MUSTANGS zone.
7:09 of 1st period - Icing by Erik Karlsson.
7:10 of 1st period - Kevin Hayes wins face-off versus William Nylander in PHOENIX MUSTANGS zone.
7:28 of 1st period - Shot by Jake Guentzel.
7:28 of 1st period - Shot Blocked by Andrew Copp.
7:34 of 1st period - Shot by Christian Dvorak.
7:34 of 1st period - Shot Misses the Net.
7:36 of 1st period - Shot by Andrew Copp.
7:36 of 1st period - Shot Misses the Net.
8:22 of 1st period - Shot by T.J. Oshie.
8:22 of 1st period - Deflect By Nicklas Backstrom.
8:22 of 1st period - Shot Misses the Net.
8:29 of 1st period - Shot by T.J. Oshie.
8:29 of 1st period - Shot Misses the Net.
8:31 of 1st period - Shot by Jesper Fast.
8:31 of 1st period - Stopped by Jordan Binnington without a rebound.
8:32 of 1st period - Derick Brassard wins face-off versus Frederick Gaudreau in SASKATOON DUCKS zone.
8:56 of 1st period - Derick Brassard is hit by Dennis Cholowski and loses puck.
9:32 of 1st period - Blake Comeau is hit by Jordan Greenway and loses puck.
9:41 of 1st period - Icing by Blake Comeau.
9:42 of 1st period - Andrew Copp wins face-off versus Derick Brassard in SASKATOON DUCKS zone.
9:43 of 1st period - Shot by Teuvo Teravainen.
9:43 of 1st period - Shot Misses the Net.
9:46 of 1st period - Icing by Alexander Edler.
9:47 of 1st period - Blake Comeau wins face-off versus Andrew Copp in SASKATOON DUCKS zone.
9:58 of 1st period - Icing by Calvin De Haan.
9:59 of 1st period - Sidney Crosby wins face-off versus Andrew Copp in PHOENIX MUSTANGS zone.
10:10 of 1st period - Samuel Girard is hit by Teuvo Teravainen and loses puck.
10:19 of 1st period - Shot by William Nylander.
10:19 of 1st period - Shot Misses the Net.
10:21 of 1st period - Shot by William Nylander.
10:21 of 1st period - Deflect By Sidney Crosby.
10:21 of 1st period - Shot Blocked by Calvin De Haan.
10:23 of 1st period - Shot by Jake Guentzel.
10:23 of 1st period - Shot Misses the Net.
10:25 of 1st period - Shot by Jake Guentzel.
10:25 of 1st period - Goal by Jake Guentzel - PHOENIX MUSTANGS : 0 - SASKATOON DUCKS : 1.
10:26 of 1st period - Jesper Fast wins face-off versus Ryan Strome in neutral zone.
10:31 of 1st period - Shot by T.J. Oshie.
10:31 of 1st period - Shot Blocked by Artemi Panarin.
10:59 of 1st period - Shot by Nicklas Backstrom.
10:59 of 1st period - Shot Misses the Net.
11:58 of 1st period - Shot by Christian Dvorak.
11:58 of 1st period - Shot Blocked by Kevin Shattenkirk.
12:00 of 1st period - Shot by Andrew Copp.
12:00 of 1st period - Shot Misses the Net.
12:50 of 1st period - Off-side.
12:51 of 1st period - Nicklas Backstrom wins face-off versus Derick Brassard in neutral zone.
12:59 of 1st period - Icing by Alexander Edler.
13:00 of 1st period - Nicklas Backstrom wins face-off versus Derick Brassard in SASKATOON DUCKS zone.
13:21 of 1st period - Shot by Nicklas Backstrom.
13:21 of 1st period - Shot Blocked by Alexander Edler.
13:33 of 1st period - Shot by Blake Comeau.
13:33 of 1st period - Shot Misses the Net.
13:39 of 1st period - Shot by Blake Comeau.
13:39 of 1st period - Stopped by Joonas Korpisalo without a rebound.
13:40 of 1st period - Sidney Crosby wins face-off versus Andrew Copp in PHOENIX MUSTANGS zone.
14:32 of 1st period - Icing by Alex Goligoski.
14:33 of 1st period - Sidney Crosby wins face-off versus Kevin Hayes in SASKATOON DUCKS zone.
15:01 of 1st period - Jordan Greenway is hit by Zach Bogosian and loses puck.
15:08 of 1st period - Shot by Kevin Hayes.
15:08 of 1st period - Shot Misses the Net.
15:09 of 1st period - Minor Penalty to Zach Bogosian for Tripping.
15:10 of 1st period - T.J. Oshie wins face-off versus Valtteri Filppula in SASKATOON DUCKS zone.
15:32 of 1st period - Shot by T.J. Oshie.
15:32 of 1st period - Stopped by Jordan Binnington without a rebound.
15:33 of 1st period - Kevin Hayes wins face-off versus Valtteri Filppula in SASKATOON DUCKS zone.
15:33 of 1st period - Kevin Hayes is hit by Andrej Sekera.
15:43 of 1st period - Shot by Kevin Hayes.
15:43 of 1st period - Shot Misses the Net.
15:45 of 1st period - Shot by Kevin Hayes.
15:45 of 1st period - Shot Misses the Net.
16:19 of 1st period - Icing by Andrew Copp.
16:20 of 1st period - Derick Brassard wins face-off versus Kevin Hayes in PHOENIX MUSTANGS zone.
17:19 of 1st period - Shot by Christian Dvorak.
17:19 of 1st period - Shot Misses the Net.
17:21 of 1st period - Shot by Teuvo Teravainen.
17:21 of 1st period - Shot Misses the Net.
17:23 of 1st period - Shot by Andrew Copp.
17:23 of 1st period - Deflect By Christian Dvorak.
17:23 of 1st period - Shot Misses the Net.
17:25 of 1st period - Shot by Teuvo Teravainen.
17:25 of 1st period - Stopped by Jordan Binnington without a rebound.
17:26 of 1st period - Sidney Crosby wins face-off versus Nicklas Backstrom in SASKATOON DUCKS zone.
18:27 of 1st period - Icing by Kailer Yamamoto.
18:28 of 1st period - Derick Brassard wins face-off versus Kevin Hayes in SASKATOON DUCKS zone.
19:08 of 1st period - Clayton Keller is hit by Alexander Edler and loses puck.
19:37 of 1st period - Shot by Andrew Copp.
19:37 of 1st period - Shot Misses the Net.
Goals for this period are 0 for PHOENIX MUSTANGS vs 1 for SASKATOON DUCKS.
Shots for this period are 6 for PHOENIX MUSTANGS vs 7 for SASKATOON DUCKS.

2nd period


0:01 of 2nd period - Sidney Crosby wins face-off versus Teuvo Teravainen in neutral zone.
0:19 of 2nd period - Shot by William Nylander.
0:19 of 2nd period - Deflect By Jake Guentzel.
0:19 of 2nd period - Stopped by Joonas Korpisalo without a rebound.
0:20 of 2nd period - Nicklas Backstrom wins face-off versus Ryan Strome in PHOENIX MUSTANGS zone.
0:29 of 2nd period - Shot by T.J. Oshie.
0:29 of 2nd period - Deflect By Nicklas Backstrom.
0:29 of 2nd period - Shot Misses the Net.
0:34 of 2nd period - Icing by Andrej Sekera.
0:35 of 2nd period - Ryan Strome wins face-off versus Kevin Hayes in SASKATOON DUCKS zone.
0:35 of 2nd period - Ryan Strome is hit by Jordan Greenway.
0:40 of 2nd period - Minor Penalty to Jordan Greenway for Hooking.
0:41 of 2nd period - Andrew Copp wins face-off versus Sidney Crosby in PHOENIX MUSTANGS zone.
1:47 of 2nd period - Kevin Shattenkirk is hit by Clayton Keller and loses puck.
3:04 of 2nd period - Shot by T.J. Oshie.
3:04 of 2nd period - Shot Blocked by Zach Bogosian.
3:06 of 2nd period - Shot by Jesper Fast.
3:06 of 2nd period - Shot Blocked by Samuel Girard.
3:08 of 2nd period - Shot by Nicklas Backstrom.
3:08 of 2nd period - Shot Misses the Net.
3:37 of 2nd period - Shot by Teuvo Teravainen.
3:37 of 2nd period - Shot Misses the Net.
3:39 of 2nd period - Shot by Andrew Copp.
3:39 of 2nd period - Shot Misses the Net.
3:43 of 2nd period - Shot by Andrew Copp.
3:43 of 2nd period - Shot Misses the Net.
3:45 of 2nd period - Shot by Calvin De Haan.
3:45 of 2nd period - Shot Misses the Net.
4:13 of 2nd period - Shot by Clayton Keller.
4:13 of 2nd period - Stopped by Jordan Binnington without a rebound.
4:14 of 2nd period - Kevin Hayes wins face-off versus Sidney Crosby in SASKATOON DUCKS zone.
4:24 of 2nd period - Minor Penalty to Andrej Sekera for Slashing.
4:25 of 2nd period - Sidney Crosby wins face-off versus T.J. Oshie in SASKATOON DUCKS zone.
4:56 of 2nd period - Kevin Shattenkirk is hit by Jordan Greenway and loses puck.
6:11 of 2nd period - Shot by Jordan Greenway.
6:11 of 2nd period - Stopped by Jordan Binnington without a rebound.
6:12 of 2nd period - Valtteri Filppula wins face-off versus T.J. Oshie in SASKATOON DUCKS zone.
6:45 of 2nd period - Shot by Artemi Panarin.
6:45 of 2nd period - Shot Blocked by Dennis Cholowski.
6:55 of 2nd period - Jake Walman is hit by Artemi Panarin and loses puck.
8:55 of 2nd period - Shot by Derick Brassard.
8:55 of 2nd period - Shot Blocked by Scott Harrington.
8:57 of 2nd period - Shot by Alexander Edler.
8:57 of 2nd period - Stopped by Joonas Korpisalo without a rebound.
8:58 of 2nd period - Frederick Gaudreau wins face-off versus Ryan Strome in PHOENIX MUSTANGS zone.
9:02 of 2nd period - Off-side.
9:03 of 2nd period - Andrew Copp wins face-off versus Sidney Crosby in neutral zone.
9:24 of 2nd period - Teuvo Teravainen is hit by Jake Guentzel.
9:25 of 2nd period - Teuvo Teravainen from PHOENIX MUSTANGS is injured at 9:25 of 2nd period (Torso).
9:26 of 2nd period - Nicklas Backstrom wins face-off versus Derick Brassard in PHOENIX MUSTANGS zone.
9:32 of 2nd period - Icing by Calvin De Haan.
9:33 of 2nd period - Nicklas Backstrom wins face-off versus Ryan Strome in PHOENIX MUSTANGS zone.
9:54 of 2nd period - Shot by T.J. Oshie.
9:54 of 2nd period - Shot Misses the Net.
9:56 of 2nd period - Shot by Calvin De Haan.
9:56 of 2nd period - Stopped by Jordan Binnington without a rebound.
9:57 of 2nd period - Andrew Copp wins face-off versus Sidney Crosby in SASKATOON DUCKS zone.
10:19 of 2nd period - Shot by Kevin Hayes.
10:19 of 2nd period - Stopped by Jordan Binnington without a rebound.
10:20 of 2nd period - Nicklas Backstrom wins face-off versus Ryan Strome in SASKATOON DUCKS zone.
10:21 of 2nd period - Shot by T.J. Oshie.
10:21 of 2nd period - Stopped by Jordan Binnington without a rebound.
10:22 of 2nd period - Ryan Strome wins face-off versus Nicklas Backstrom in SASKATOON DUCKS zone.
10:22 of 2nd period - Ryan Strome is hit by T.J. Oshie.
10:25 of 2nd period - Anthony Duclair is hit by Jesper Fast and loses puck.
10:54 of 2nd period - Shot by Anthony Duclair.
10:54 of 2nd period - Stopped by Joonas Korpisalo without a rebound.
10:55 of 2nd period - Sidney Crosby wins face-off versus Andrew Copp in PHOENIX MUSTANGS zone.
11:16 of 2nd period - Shot by William Nylander.
11:16 of 2nd period - Stopped by Joonas Korpisalo without a rebound.
11:17 of 2nd period - Frederick Gaudreau wins face-off versus Ryan Strome in PHOENIX MUSTANGS zone.
11:36 of 2nd period - Shot by T.J. Oshie.
11:36 of 2nd period - Shot Blocked by Artemi Panarin.
12:01 of 2nd period - Shot by Anthony Duclair.
12:01 of 2nd period - Stopped by Joonas Korpisalo with a rebound.
12:12 of 2nd period - Off-side.
12:13 of 2nd period - Kevin Hayes wins face-off versus Sidney Crosby in neutral zone.
12:37 of 2nd period - Shot by Jake Guentzel.
12:37 of 2nd period - Shot Misses the Net.
12:45 of 2nd period - Shot by William Nylander.
12:45 of 2nd period - Stopped by Joonas Korpisalo without a rebound.
12:46 of 2nd period - Andrew Copp wins face-off versus Derick Brassard in PHOENIX MUSTANGS zone.
12:46 of 2nd period - Andrew Copp is hit by Blake Comeau.
13:29 of 2nd period - Kailer Yamamoto is hit by Kevin Hayes.
13:46 of 2nd period - Minor Penalty to Sidney Crosby for Hooking.
13:46 of 2nd period - Minor Penalty to Jeremy Lauzon for Tripping.
13:47 of 2nd period - Nicklas Backstrom wins face-off versus Artemi Panarin in PHOENIX MUSTANGS zone.
14:02 of 2nd period - Minor Penalty to Calvin De Haan for Tripping.
14:03 of 2nd period - Nicklas Backstrom wins face-off versus Artemi Panarin in PHOENIX MUSTANGS zone.
14:28 of 2nd period - Shot by Jake Guentzel.
14:28 of 2nd period - Shot Misses the Net.
16:35 of 2nd period - Off-side.
16:36 of 2nd period - Artemi Panarin wins face-off versus Kevin Hayes in neutral zone.
17:11 of 2nd period - Icing by Samuel Girard.
17:12 of 2nd period - Ryan Strome wins face-off versus Andrew Copp in SASKATOON DUCKS zone.
17:21 of 2nd period - Shot by Artemi Panarin.
17:21 of 2nd period - Stopped by Joonas Korpisalo without a rebound.
17:22 of 2nd period - Andrew Copp wins face-off versus Sidney Crosby in PHOENIX MUSTANGS zone.
17:31 of 2nd period - Shot by Christian Dvorak.
17:31 of 2nd period - Shot Misses the Net.
17:57 of 2nd period - Shot by Sidney Crosby.
17:57 of 2nd period - Shot Misses the Net.
18:25 of 2nd period - Andrew Copp is hit by Ryan Strome and loses puck.
18:47 of 2nd period - Icing by T.J. Oshie.
18:48 of 2nd period - Derick Brassard wins face-off versus Nicklas Backstrom in PHOENIX MUSTANGS zone.
18:59 of 2nd period - Shot by Kailer Yamamoto.
18:59 of 2nd period - Stopped by Joonas Korpisalo without a rebound.
19:00 of 2nd period - Frederick Gaudreau wins face-off versus Derick Brassard in PHOENIX MUSTANGS zone.
19:00 of 2nd period - Frederick Gaudreau is hit by Kailer Yamamoto.
19:20 of 2nd period - Alexander Edler is hit by T.J. Oshie and loses puck.
19:55 of 2nd period - Kailer Yamamoto is hit by Frederick Gaudreau and loses puck.
Goals for this period are 0 for PHOENIX MUSTANGS vs 0 for SASKATOON DUCKS.
Shots for this period are 5 for PHOENIX MUSTANGS vs 8 for SASKATOON DUCKS.

3rd period


0:01 of 3rd period - Sidney Crosby wins face-off versus Kevin Hayes in neutral zone.
0:21 of 3rd period - Sidney Crosby is hit by Kevin Hayes and loses puck.
1:00 of 3rd period - Off-side.
1:01 of 3rd period - Ryan Strome wins face-off versus Andrew Copp in neutral zone.
1:29 of 3rd period - Shot by Artemi Panarin.
1:29 of 3rd period - Stopped by Joonas Korpisalo without a rebound.
1:30 of 3rd period - Derick Brassard wins face-off versus Nicklas Backstrom in PHOENIX MUSTANGS zone.
1:31 of 3rd period - Shot by Blake Comeau.
1:31 of 3rd period - Deflect By Derick Brassard.
1:31 of 3rd period - Stopped by Joonas Korpisalo without a rebound.
1:32 of 3rd period - Nicklas Backstrom wins face-off versus Blake Comeau in PHOENIX MUSTANGS zone.
2:42 of 3rd period - Shot by Clayton Keller.
2:42 of 3rd period - Stopped by Jordan Binnington with a rebound.
2:44 of 3rd period - Shot by Clayton Keller.
2:44 of 3rd period - Shot Misses the Net.
2:46 of 3rd period - Shot by Erik Karlsson.
2:46 of 3rd period - Shot Misses the Net.
2:56 of 3rd period - Shot by Clayton Keller.
2:56 of 3rd period - Shot Blocked by Kevin Shattenkirk.
2:58 of 3rd period - Shot by Jordan Greenway.
2:58 of 3rd period - Stopped by Jordan Binnington without a rebound.
2:59 of 3rd period - Ryan Strome wins face-off versus Andrew Copp in SASKATOON DUCKS zone.
3:25 of 3rd period - Shot by Andrew Copp.
3:25 of 3rd period - Shot Misses the Net.
3:27 of 3rd period - Shot by Andrew Copp.
3:27 of 3rd period - Stopped by Jordan Binnington with a rebound.
3:29 of 3rd period - Shot by Christian Dvorak.
3:29 of 3rd period - Shot Blocked by Zach Bogosian.
3:31 of 3rd period - Shot by Christian Dvorak.
3:31 of 3rd period - Stopped by Jordan Binnington without a rebound.
3:32 of 3rd period - Sidney Crosby wins face-off versus Frederick Gaudreau in SASKATOON DUCKS zone.
3:37 of 3rd period - Nicklas Backstrom is hit by Sidney Crosby and loses puck.
3:54 of 3rd period - Shot by Jake Guentzel.
3:54 of 3rd period - Shot Misses the Net.
5:07 of 3rd period - Shot by Artemi Panarin.
5:07 of 3rd period - Stopped by Joonas Korpisalo without a rebound.
5:08 of 3rd period - Derick Brassard wins face-off versus Kevin Hayes in PHOENIX MUSTANGS zone.
5:44 of 3rd period - Shot by Blake Comeau.
5:44 of 3rd period - Shot Blocked by Michael Matheson.
6:32 of 3rd period - Andrew Copp is hit by Jake Guentzel and loses puck.
6:42 of 3rd period - Off-side.
6:43 of 3rd period - Ryan Strome wins face-off versus Andrew Copp in neutral zone.
7:42 of 3rd period - Shot by Kailer Yamamoto.
7:42 of 3rd period - Stopped by Joonas Korpisalo without a rebound.
7:43 of 3rd period - Kevin Hayes wins face-off versus Sidney Crosby in PHOENIX MUSTANGS zone.
7:43 of 3rd period - Kevin Hayes is hit by Jake Guentzel.
7:48 of 3rd period - Ty Smith is hit by Jake Guentzel and loses puck.
7:53 of 3rd period - Shot by William Nylander.
7:53 of 3rd period - Shot Misses the Net.
7:55 of 3rd period - Shot by Jake Guentzel.
7:55 of 3rd period - Shot Misses the Net.
7:57 of 3rd period - Shot by Jake Guentzel.
7:57 of 3rd period - Shot Misses the Net.
7:59 of 3rd period - Shot by William Nylander.
7:59 of 3rd period - Stopped by Joonas Korpisalo without a rebound.
8:00 of 3rd period - Derick Brassard wins face-off versus Clayton Keller in PHOENIX MUSTANGS zone.
8:11 of 3rd period - Shot by T.J. Oshie.
8:11 of 3rd period - Shot Misses the Net.
8:13 of 3rd period - Shot by Clayton Keller.
8:13 of 3rd period - Shot Blocked by Alexander Edler.
8:13 of 3rd period - Alexander Edler from SASKATOON DUCKS is injured at 8:13 of 3rd period (Bruised Right Leg).
8:14 of 3rd period - Frederick Gaudreau wins face-off versus Sidney Crosby in SASKATOON DUCKS zone.
10:20 of 3rd period - Shot by Christian Dvorak.
10:20 of 3rd period - Stopped by Jordan Binnington without a rebound.
10:21 of 3rd period - Andrew Copp wins face-off versus Derick Brassard in SASKATOON DUCKS zone.
10:35 of 3rd period - Andrew Copp is hit by Blake Comeau.
11:14 of 3rd period - T.J. Oshie is hit by Kevin Shattenkirk and loses puck.
11:19 of 3rd period - Shot by T.J. Oshie.
11:19 of 3rd period - Stopped by Jordan Binnington without a rebound.
11:20 of 3rd period - Ryan Strome wins face-off versus Jordan Greenway in SASKATOON DUCKS zone.
11:22 of 3rd period - Minor Penalty to Jordan Greenway for Hooking.
11:23 of 3rd period - Sidney Crosby wins face-off versus Andrew Copp in PHOENIX MUSTANGS zone.
12:41 of 3rd period - Shot by Ryan Strome.
12:41 of 3rd period - Deflect By William Nylander.
12:41 of 3rd period - Shot Blocked by Ty Smith.
14:18 of 3rd period - Shot by Ryan Strome.
14:18 of 3rd period - Stopped by Joonas Korpisalo with a rebound.
14:20 of 3rd period - Shot by Ryan Strome.
14:20 of 3rd period - Stopped by Joonas Korpisalo without a rebound.
14:21 of 3rd period - Sidney Crosby wins face-off versus Kevin Hayes in PHOENIX MUSTANGS zone.
14:32 of 3rd period - Shot by Sidney Crosby.
14:32 of 3rd period - Stopped by Joonas Korpisalo with a rebound.
14:43 of 3rd period - Shot by Clayton Keller.
14:43 of 3rd period - Stopped by Jordan Binnington without a rebound.
14:44 of 3rd period - Christian Dvorak wins face-off versus Derick Brassard in SASKATOON DUCKS zone.
14:47 of 3rd period - Shot by Andrew Copp.
14:47 of 3rd period - Stopped by Jordan Binnington without a rebound.
14:48 of 3rd period - Derick Brassard wins face-off versus Andrew Copp in SASKATOON DUCKS zone.
14:59 of 3rd period - Icing by Zach Bogosian.
15:00 of 3rd period - Derick Brassard wins face-off versus Andrew Copp in SASKATOON DUCKS zone.
15:00 of 3rd period - Derick Brassard is hit by Christian Dvorak.
15:19 of 3rd period - Kevin Hayes is hit by Zach Bogosian and loses puck.
15:41 of 3rd period - Ty Smith is hit by Blake Comeau.
16:13 of 3rd period - Ryan Strome is hit by Jeremy Lauzon and loses puck.
17:37 of 3rd period - Shot by Nicklas Backstrom.
17:37 of 3rd period - Shot Misses the Net.
18:28 of 3rd period - Shot by Sidney Crosby.
18:28 of 3rd period - Shot Misses the Net.
18:30 of 3rd period - Shot by Sidney Crosby.
18:30 of 3rd period - Shot Blocked by Erik Karlsson.
19:24 of 3rd period - Shot by Sidney Crosby.
19:24 of 3rd period - Shot Misses the Net.
19:28 of 3rd period - Shot by Anthony Duclair.
19:28 of 3rd period - Deflect By William Nylander.
19:28 of 3rd period - Goal by William Nylander - PHOENIX MUSTANGS : 0 - SASKATOON DUCKS : 2.
19:29 of 3rd period - Derick Brassard wins face-off versus Andrew Copp in neutral zone.
Goals for this period are 0 for PHOENIX MUSTANGS vs 1 for SASKATOON DUCKS.
Shots for this period are 8 for PHOENIX MUSTANGS vs 9 for SASKATOON DUCKS.


RYAN
NUGENT-HOPKINS
THATCHER
DEMKO
MITCHELL
MARNER

EAST COAST

HOCKEY LEAGUE

  • 13.MAN3PIT5
  • 14.NHW2ATL3
  • 15.PET5WOR4
  • 16.RHI30
  • 17.QUECHI
  • 18.CHALIM
  • 19.TRVLON
  • 20.CHWBAL